 Dungeon Crawl Stone Soup version 0.21-a0-314-gb3271ec (webtiles) character file.

63 Hasart the Skirmisher (level 3, -1/29 HPs)
             Began as a Mummy Fighter on Sept 29, 2017.
             Slain by a gnoll
             ... wielding a +0 halberd
              (15 damage)
             ... on level 2 of the Dungeon.
             The game lasted 00:04:20 (1833 turns).

Hasart the Skirmisher (Mummy Fighter)               Turns: 1833, Time: 00:04:21

Health: -1/29      AC:  6    Str: 20    XL:     3   Next: 87%
Magic:  3/3        EV:  7    Int:  7    God:
Gold:   28         SH:  8    Dex: 11    Spells: 2/2 levels left

rFire    x . .     SeeInvis .   a - +0 long sword
rCold    + . .     Gourm    .   c - +0 shield
rNeg     + + +     Faith    .   b - +0 scale mail
rPois    ∞         Spirit   .   (no helmet)
rElec    .         Reflect  .   (no cloak)
rCorr    .         Harm     .   (no gloves)
MR       .....     Rnd*Tele +   (no boots)
Stlth    ..........             (no amulet)
HPRegen  0.09/turn              d - ring of teleportation (curse)
MPRegen  0.08/turn              (no ring)

@: no status effects
A: no food or potions, fire vulnerability, cold resistance 1, negative energy
resistance 3, torment resistance, unbreathing
a: no special abilities


You were on level 2 of the Dungeon.
You were not hungry.

You visited 1 branch of the dungeon, and saw 2 of its levels.

You collected 28 gold pieces.

Inventory:

Hand Weapons
 a - a +0 long sword (weapon)
Armour
 b - a +0 scale mail (worn)
 c - a +0 shield (worn)
Jewellery
 d - a cursed ring of teleportation (left hand)


   Skills:
 + Level 3.6 Fighting
 * Level 3.0 Long Blades
 - Level 2.4 Armour
 - Level 2.4 Shields


You had 2 spell levels left.
You didn't know any spells.

Dungeon Overview and Level Annotations

Branches:
Dungeon (2/15)

Altars:


Innate Abilities, Weirdness & Mutations

You do not eat or drink.
Your flesh is vulnerable to fire.
You are immune to poison.
Your flesh is cold resistant. (rC+)
You are immune to negative energy. (rN+++)
You are immune to unholy pain and torment.
You can survive without breathing.


Message History

You start waiting.
Your surroundings seem slightly different.
There is a stone staircase leading down here.
(D) Dungeon
Where to? (Enter - D:2, ? - help)
There is a stone staircase leading down here.
You climb downwards.
There is a stone staircase leading up here.
You see here 7 gold pieces.
The gnoll hits you but does no damage.
You hit the gnoll but do no damage. You block the gnoll's attack.
You barely miss the gnoll. You block the gnoll's attack.
You barely miss the gnoll. The gnoll hits you with a halberd!
Ouch! That really hurt!
You hit the gnoll but do no damage. The gnoll hits you but does no damage.
You hit the gnoll.
The gnoll is lightly wounded.
The gnoll hits you with a halberd!
Ouch! That really hurt!
You die...

.#......##.#..#.######.
.............##...#..# #.
.................#...## #.
....................########.
...........................#.
[.......)...........[........
......................$......
................##..#.......g
...$.......÷@##.#.....>......
............g##..........[...
....................$........
....##.....###<##........?...
######..###....###.#.........
........##..#### #...........
#######g##.## ####........
#g##.# ###...## #.##.# #.....


You could see a gnoll.

Vanquished Creatures
  A gnoll (D:1)
  An adder (D:2)
  An ooze (D:1)
  2 dart slugs (D:1)
  8 bats
  A giant cockroach (D:1)
  6 goblins
  2 hobgoblins (D:1)
  7 kobolds
  2 frilled lizards
  4 rats (D:1)
35 creatures vanquished.

Notes
Turn   | Place    | Note
-------+----------+-------------------------------------------
     0 | D:1      | Hasart the Mummy Fighter began the quest for the Orb.
     0 | D:1      | Reached XP level 1. HP: 18/18 MP: 1/1
    57 | D:1      | Reached XP level 2. HP: 10/24 MP: 2/2
   583 | D:1      | Reached XP level 3. HP: 29/29 MP: 3/3
  1833 | D:2      | Slain by a gnoll

Vault maps used:
D:1:      erik_arrival_cave_to_civilisation
D:2:      serial_bayou_lagoon_a, grunt_ministairs_12

Skill      XL: |  1  2  3 |
---------------+----------+-----
Long Blades    | 2 3 |  3.0
Fighting       | |  3.6
Armour         | |  2.4
Shields        | |  2.4

Action                   || total
-------------------------++-------
Melee: Long sword        ||   127
  Use: Scroll            ||     1
Armor: Scale mail        ||    82
Dodge: Dodged            ||    49
Block: Shield            ||    79
       Rpst.: Long sword ||    12

Table legend:
 A = Spawn XP
 B = Non-spawn XP
 C = Spawn XP percentage of total XP
 D = Spawn monster count
 E = Non-spawn monster count
 F = Spawn count percentage of total count
 G = Total turns spent on level
                    A         B        C        D         E        F      G
               +---------+---------+-------+---------+---------+-------+---------
         Total |       0 |      90 |   0.0 |       0 |      35 |   0.0 |  1833
               +---------+---------+-------+---------+---------+-------+---------
           D:1 |       0 |      65 |   0.0 |       0 |      26 |   0.0 |  1477
           D:2 |       0 |      25 |   0.0 |       0 |       9 |   0.0 |   356
               +---------+---------+-------+---------+---------+-------+---------
